[Event "78th GEO-ch Women 1st League 2021"]
[Site "Tbilisi"]
[Date "2021.03.25"]
[Round "8.10"]
[White "Mamardashvili, Ana"]
[Black "Bedoshvili, Dea"]
[Result "0-1"]
[ECO "D31"]
[WhiteElo "1416"]
[BlackElo "1667"]
[Annotator "NA RC"]
[PlyCount "136"]
[EventDate "2021.03.18"]
[EventType "swiss"]
[EventCountry "GEO"]
[SourceTitle "playchess.com"]
[Source "ChessBase"]
[SourceQuality "1"]
[TimeControl "5400+30"]

1. d4 d5 2. c4 c6 3. Nc3 e6 4. e4 dxe4 5. Nxe4 Bb4+ 6. Nc3 Nf6 7. a3 Ba5 8. b4 Bc7 9. Nf3 b6 10. Bd3 Bb7 11. O-O Nbd7 12. Re1 h6 13. Bb2 O-O 14. Bc2 Re8 15. h3 a5 16. Rb1 Nf8 17. Ne5 Qe7 18. bxa5 Rxa5 19. a4 Rd8 20. Nf3 Rh5 21. Qe2 Qd6 22. Rbd1 Qb4 23. Ba1 Ra5 24. Rb1 Qe7 25. Kh1 Nh5 26. c5 Ba6 27. Qe4 bxc5 28. d5 Nf6 29. Qh4 cxd5 30. Nb5 Bxb5 31. axb5 Rb8 32. Ne5 Bxe5 33. Bxe5 Rbxb5 34. Rxb5 Rxb5 35. Ra1 Ng6 36. Ra8+ Kh7 37. Qa4 Rb7 38. Qc6 Ne4 39. Bxe4 dxe4 40. Qxe4 Rb4 41. Qc2 Qb7 42. Rb8 Qe4 43. Qxe4 Rxe4 44. Bd6 c4 45. Rc8 Nh4 46. Bb4 Rd4 47. Kh2 Nf5 48. Bc3 Nd6 49. Rc6 Rd3 50. Be5 Ne4 51. Rxc4 Nxf2 52. Rf4 Rd5 53. Rxf2 Rxe5 54. Rxf7 Kg6 55. Re7 Kf6 56. Rc7 Rf5 57. g4 Rf4 58. Kg3 Rd4 59. h4 Rd3+ 60. Kf4 g5+ 61. Ke4 Rg3 62. hxg5+ hxg5 63. Rh7 Rxg4+ 64. Kf3 Rh4 65. Rb7 e5 66. Rb8 Rf4+ 67. Kg3 Kf5 68. Rb5 g4 0-1

[Event "78th GEO-ch Women 1st League 2021"]
[Site "Tbilisi"]
[Date "2021.03.25"]
[Round "8.11"]
[White "Mkrtchyan, Aida"]
[Black "Tasoshvili, Tamar"]
[Result "0-1"]
[ECO "B01"]
[WhiteElo "1156"]
[BlackElo "1528"]
[Annotator "NA RC"]
[PlyCount "64"]
[EventDate "2021.03.18"]
[EventType "swiss"]
[EventCountry "GEO"]
[SourceTitle "playchess.com"]
[Source "ChessBase"]
[SourceQuality "1"]
[TimeControl "5400+30"]

1. e4 d5 2. exd5 Qxd5 3. Nc3 Qd6 4. d4 c6 5. Bc4 Nf6 6. h3 Bf5 7. Nf3 Nbd7 8. Bg5 e6 9. Qd2 Qc7 10. Bf4 Bd6 11. g3 Bxf4 12. gxf4 Be4 13. Nxe4 Nxe4 14. Qe3 Ndf6 15. O-O-O O-O-O 16. Ne5 Nd6 17. Bb3 Nf5 18. Qc3 Nd5 19. Qf3 f6 20. Nc4 Qxf4+ 21. Qxf4 Nxf4 22. c3 Nd6 23. Nxd6+ Rxd6 24. Rhg1 Ne2+ 25. Kb1 Nxg1 26. Rxg1 g5 27. Re1 Re8 28. Bc2 h6 29. Kc1 Kd8 30. Re3 e5 31. Bg6 Re7 32. dxe5 Rxe5 0-1

[Event "78th GEO-ch Women 1st League 2021"]
[Site "Tbilisi"]
[Date "2021.03.26"]
[Round "9.1"]
[White "Lomaia, Diana"]
[Black "Pipia, Ekaterine"]
[Result "1-0"]
[ECO "A42"]
[WhiteElo "1946"]
[BlackElo "2019"]
[Annotator "NA"]
[PlyCount "69"]
[EventDate "2021.03.18"]
[EventType "swiss"]
[EventCountry "GEO"]
[SourceTitle "playchess.com"]
[Source "ChessBase"]
[SourceQuality "1"]
[TimeControl "5400+30"]

1. d4 d6 2. Nf3 g6 3. c4 Bg7 4. Nc3 Nd7 5. g3 e5 6. e4 Ne7 7. Bg2 O-O 8. O-O a5 9. Re1 exd4 10. Nxd4 Nc5 11. Bf4 Ne6 12. Be3 Nxd4 13. Bxd4 Bxd4 14. Qxd4 Nc6 15. Qd2 Ne5 16. b3 c6 17. f4 Ng4 18. Re2 b5 19. cxb5 cxb5 20. h3 Nf6 21. e5 b4 22. Na4 Ba6 23. Bxa8 Qxa8 24. exf6 Bxe2 25. Qxe2 Re8 26. Qf2 Qe4 27. Rd1 Qe6 28. Nb6 Qxh3 29. Re1 Rb8 30. Nc4 d5 31. Ne5 Rc8 32. Nxf7 Kf8 33. Ng5 Qd7 34. Re7 Rc1+ 35. Kh2 1-0

[Event "78th GEO-ch Women 1st League 2021"]
[Site "Tbilisi"]
[Date "2021.03.26"]
[Round "9.2"]
[White "Sichinava, Mariam"]
[Black "Vakhania, Alexandra"]
[Result "0-1"]
[ECO "A90"]
[WhiteElo "1516"]
[BlackElo "2134"]
[Annotator "ChessBase"]
[PlyCount "91"]
[EventDate "2021.03.18"]
[EventType "swiss"]
[EventCountry "GEO"]
[SourceTitle "playchess.com"]
[Source "ChessBase"]
[SourceQuality "1"]
[TimeControl "5400+30"]

1. Nf3 f5 2. g3 Nf6 3. Bg2 e6 4. c4 d5 5. d4 c6 6. O-O Bd6 7. b3 Qe7 8. Bb2 O-O 9. Nbd2 Nbd7 10. Ne5 Ne4 11. Ndf3 Ndf6 12. Nd3 Bd7 13. Nfe5 Be8 14. f3 Ng5 15. Qc1 Nf7 16. a4 Nd7 17. Ba3 Nfxe5 18. dxe5 Bxa3 19. Rxa3 f4 20. Nxf4 Nxe5 21. Nd3 Nxd3 22. exd3 Qc5+ 23. Kh1 Bg6 24. Rd1 e5 25. cxd5 Qxc1 26. Rxc1 cxd5 27. b4 Rac8 28. Re1 d4 29. Bh3 Rc2 30. Be6+ Bf7 31. Bc4 Bxc4 32. dxc4 Rxc4 33. Rxe5 Rxb4 34. Rd5 Rc8 35. Kg2 Kf7 36. Rd7+ Kf6 37. a5 h5 38. a6 Rc2+ 39. Kh3 Rbb2 40. g4 g5 41. f4 Rxh2+ 42. Kg3 h4+ 43. Kf3 Rh3+ 44. Ke4 Rxa3 45. axb7 Rab3 46. Kxd4 0-1

[Event "78th GEO-ch Women 1st League 2021"]
[Site "Tbilisi"]
[Date "2021.03.26"]
[Round "9.3"]
[White "Mikadze, Miranda"]
[Black "Gvetadze, Sofio"]
[Result "0-1"]
[ECO "C41"]
[WhiteElo "2269"]
[BlackElo "2317"]
[Annotator "ChessBase"]
[PlyCount "98"]
[EventDate "2021.03.18"]
[EventType "swiss"]
[EventCountry "GEO"]
[SourceTitle "playchess.com"]
[Source "ChessBase"]
[SourceQuality "1"]
[TimeControl "5400+30"]

1. e4 d6 2. d4 Nf6 3. Nc3 c6 4. a4 Nbd7 5. Nf3 e5 6. g3 Be7 7. Bg2 O-O 8. O-O a5 9. b3 Re8 10. Bb2 Bf8 11. Re1 Qc7 12. Qd2 Nb6 13. h3 Bd7 14. Rad1 Rad8 15. Nb1 exd4 16. Nxd4 d5 17. exd5 Rxe1+ 18. Qxe1 Nbxd5 19. Nc3 Re8 20. Qd2 Nb4 21. g4 Bc8 22. Nce2 h5 23. gxh5 Nxh5 24. Qg5 Re5 25. Qd2 Qe7 26. Ng3 Nxg3 27. fxg3 c5 28. c3 Na6 29. Ba3 Qe8 30. Nb5 Re2 31. Qd3 Qe5 32. Bc1 c4 33. bxc4 Bf5 34. Qf3 Bc2 35. Rf1 Bc5+ 36. Kh2 Bg6 37. Bf4 Qe4 38. Kh1 Qc2 39. Rc1 Qa2 40. Qxb7 Be4 41. Qxe4 Rxe4 42. Bxe4 Qxc4 43. Bb7 Qe6 44. g4 Qb6 45. Bd5 Qf6 46. Rf1 Be3 47. Bb7 Nc5 48. g5 Qf5 49. Nd4 Qxh3+ 0-1

[Event "78th GEO-ch Women 1st League 2021"]
[Site "Tbilisi"]
[Date "2021.03.26"]
[Round "9.4"]
[White "Tsotsonava, Elene"]
[Black "Khurtsilava, Inga"]
[Result "1-0"]
[ECO "B12"]
[WhiteElo "1805"]
[BlackElo "2260"]
[Annotator "ChessBase"]
[PlyCount "79"]
[EventDate "2021.03.18"]
[EventType "swiss"]
[EventCountry "GEO"]
[SourceTitle "playchess.com"]
[Source "ChessBase"]
[SourceQuality "1"]
[TimeControl "5400+30"]

1. e4 c6 2. d4 d5 3. e5 g6 4. f4 h5 5. Nf3 Bg4 6. Bd3 e6 7. Be3 h4 8. h3 Bxf3 9. Qxf3 Nh6 10. Nd2 Nf5 11. Bf2 Qb6 12. O-O Nd7 13. c4 Qb4 14. Rfd1 dxc4 15. Nxc4 Nb6 16. a3 Qe7 17. Nxb6 axb6 18. d5 exd5 19. Bxf5 gxf5 20. Bxb6 Qe6 21. b4 Be7 22. Bf2 Qh6 23. b5 O-O 24. bxc6 bxc6 25. a4 Rfb8 26. a5 Ra6 27. Qd3 Rba8 28. Qxf5 Rxa5 29. Rxa5 Rxa5 30. Qc8+ Bf8 31. f5 Ra2 32. e6 fxe6 33. fxe6 Re2 34. Bc5 Qg7 35. g4 Re4 36. Rf1 Rxg4+ 37. Kh1 Rg3 38. Qxf8+ Qxf8 39. Rxf8+ Kg7 40. e7 1-0

[Event "78th GEO-ch Women 1st League 2021"]
[Site "Tbilisi"]
[Date "2021.03.26"]
[Round "9.5"]
[White "Esadze, Tamari"]
[Black "Antia, Sopia"]
[Result "1-0"]
[ECO "C95"]
[WhiteElo "1889"]
[BlackElo "1594"]
[Annotator "NA"]
[PlyCount "101"]
[EventDate "2021.03.18"]
[EventType "swiss"]
[EventCountry "GEO"]
[SourceTitle "playchess.com"]
[Source "ChessBase"]
[SourceQuality "1"]
[TimeControl "5400+30"]

1. e4 e5 2. Nf3 Nc6 3. Bb5 a6 4. Ba4 Nf6 5. O-O Be7 6. Re1 b5 7. Bb3 d6 8. c3 O-O 9. h3 Nb8 10. d4 Nbd7 11. Nbd2 Bb7 12. Bc2 Re8 13. Nf1 Bf8 14. Ng3 g6 15. b3 Bg7 16. d5 Nb6 17. Rb1 h6 18. Be3 Nbd7 19. Nh2 Bf8 20. Qd2 Kh7 21. Rf1 c6 22. c4 Rc8 23. f4 Qe7 24. Nf3 exf4 25. Bxf4 Ne5 26. Nxe5 dxe5 27. Be3 cxd5 28. exd5 Ng8 29. d6 Qd7 30. Qf2 f6 31. c5 e4 32. b4 Bg7 33. Rbd1 f5 34. Qd2 Nf6 35. Bb3 Rf8 36. Ne2 Nh5 37. Bd4 f4 38. Bxg7 e3 39. Qd4 Bxg2 40. Kxg2 f3+ 41. Rxf3 Rxf3 42. Kxf3 Qxh3+ 43. Ke4 Qg2+ 44. Kd3 Nxg7 45. Rg1 Qc6 46. Qe4 Qxe4+ 47. Kxe4 Re8+ 48. Kd5 Rf8 49. d7 Nf5 50. c6 Kg7 51. c7 1-0

[Event "78th GEO-ch Women 1st League 2021"]
[Site "Tbilisi"]
[Date "2021.03.26"]
[Round "9.6"]
[White "Janiashvili, Mariami"]
[Black "Gvatua, Mariam"]
[Result "1/2-1/2"]
[ECO "E16"]
[WhiteElo "1963"]
[BlackElo "1343"]
[Annotator "NA"]
[PlyCount "106"]
[EventDate "2021.03.18"]
[EventType "swiss"]
[EventCountry "GEO"]
[SourceTitle "playchess.com"]
[Source "ChessBase"]
[SourceQuality "1"]
[TimeControl "5400+30"]

1. d4 Nf6 2. c4 e6 3. Nf3 Bb4+ 4. Bd2 Qe7 5. g3 O-O 6. Bg2 d5 7. O-O Bxd2 8. Qxd2 b6 9. cxd5 exd5 10. Nc3 Bb7 11. Rac1 Nbd7 12. Rfd1 c6 13. a3 b5 14. Qc2 a5 15. Nb1 Rfe8 16. e3 Ne4 17. Nbd2 f5 18. Nb3 a4 19. Nc5 Ndxc5 20. dxc5 g6 21. Nd4 Rac8 22. Re1 Ng5 23. h4 Ne4 24. Bh3 Qe5 25. Kg2 Rc7 26. Ne2 Nf6 27. Qc3 Qxc3 28. Rxc3 Ne4 29. Rc2 Rce7 30. Nd4 Nf6 31. Kg1 Nd7 32. Bf1 Ne5 33. Kg2 Kg7 34. Rec1 Rc8 35. Rd2 Nd7 36. Be2 Nf6 37. Rd3 Rce8 38. Nc2 Nd7 39. Nb4 Ne5 40. Rdc3 Rc8 41. Kf1 Rd8 42. Rd1 Rc7 43. Rd4 h5 44. Nc2 Nd7 45. Rd1 Kf6 46. Nb4 Ne5 47. Nc2 Nd7 48. Nd4 Nf8 49. Bf3 Ba6 50. Be2 Ne6 51. Nc2 Bb7 52. Nb4 Kf7 53. Ke1 Ba8 1/2-1/2

[Event "78th GEO-ch Women 1st League 2021"]
[Site "Tbilisi"]
[Date "2021.03.26"]
[Round "9.7"]
[White "Oniani, Tamar"]
[Black "Kirtadze, Anastasia"]
[Result "1-0"]
[ECO "E17"]
[WhiteElo "1604"]
[BlackElo "1810"]
[Annotator "NA"]
[PlyCount "83"]
[EventDate "2021.03.18"]
[EventType "swiss"]
[EventCountry "GEO"]
[SourceTitle "playchess.com"]
[Source "ChessBase"]
[SourceQuality "1"]
[TimeControl "5400+30"]

1. d4 Nf6 2. c4 e6 3. Nf3 b6 4. g3 Bb7 5. Bg2 Be7 6. O-O O-O 7. Nbd2 d6 8. Qc2 Nbd7 9. e4 c5 10. e5 Ne8 11. Ng5 Bxg5 12. Bxb7 Rb8 13. Be4 f5 14. exf6 Nexf6 15. f4 Bh6 16. Bf3 cxd4 17. Nb3 e5 18. g4 d3 19. Qxd3 exf4 20. Qxd6 Nc5 21. Bxf4 Bxf4 22. Qxf4 Nxb3 23. axb3 Qe7 24. Rfe1 Qb4 25. g5 Nd7 26. Bd5+ Kh8 27. Qg3 a5 28. Qh3 Nc5 29. g6 h6 30. Re7 Qd2 31. Qe3 Qxe3+ 32. Rxe3 Rf6 33. Bf7 Rd6 34. Rae1 Rdd8 35. Re7 Nxb3 36. R1e3 Nd4 37. Rh3 Nf5 38. Rc7 b5 39. Be6 Rf8 40. Rh5 bxc4 41. Bxf5 Rg8 42. Rxh6+ 1-0

[Event "78th GEO-ch Women 1st League 2021"]
[Site "Tbilisi"]
[Date "2021.03.26"]
[Round "9.8"]
[White "Dolakidze, Mariam"]
[Black "Tasoshvili, Tamar"]
[Result "1/2-1/2"]
[ECO "D35"]
[WhiteElo "1416"]
[BlackElo "1528"]
[Annotator "NA"]
[PlyCount "64"]
[EventDate "2021.03.18"]
[EventType "swiss"]
[EventCountry "GEO"]
[SourceTitle "playchess.com"]
[Source "ChessBase"]
[SourceQuality "1"]
[TimeControl "5400+30"]

1. Nf3 Nf6 2. g3 e6 3. Bg2 d5 4. d4 Bd6 5. c4 c6 6. cxd5 exd5 7. O-O O-O 8. Nc3 Nbd7 9. b3 Re8 10. Bb2 Nf8 11. e3 Ng6 12. Qe2 Bg4 13. h3 Bxf3 14. Qxf3 Qd7 15. Rac1 Ne4 16. Nxe4 Rxe4 17. Qe2 Ree8 18. Rfd1 Rad8 19. Qc2 Re7 20. Bc3 Rde8 21. Qd2 h6 22. Bb4 Bxb4 23. Qxb4 Re6 24. Rc2 Qe7 25. Qxe7 R6xe7 26. Bf3 Nf8 27. Bg4 Ne6 28. Bxe6 Rxe6 29. Kg2 f6 30. Rdc1 Kf7 31. a4 g5 32. b4 Kg6 1/2-1/2

[Event "78th GEO-ch Women 1st League 2021"]
[Site "Tbilisi"]
[Date "2021.03.26"]
[Round "9.9"]
[White "Javakhishvili, Mariam"]
[Black "Mgeladze, Kesaria"]
[Result "0-1"]
[ECO "E97"]
[WhiteElo "1671"]
[BlackElo "1380"]
[Annotator "NA"]
[PlyCount "52"]
[EventDate "2021.03.18"]
[EventType "swiss"]
[EventCountry "GEO"]
[SourceTitle "playchess.com"]
[Source "ChessBase"]
[SourceQuality "1"]
[TimeControl "5400+30"]

1. d4 Nf6 2. c4 g6 3. Nc3 Bg7 4. e4 d6 5. Nf3 O-O 6. Be2 e5 7. O-O Nc6 8. d5 Ne7 9. b4 Nd7 10. Ba3 f5 11. Ng5 Nf6 12. c5 dxc5 13. bxc5 h6 14. Ne6 Bxe6 15. dxe6 c6 16. Qb3 Qc7 17. Rfd1 Rad8 18. Rd6 Kh8 19. Rad1 fxe4 20. Qa4 Ned5 21. Qb3 Nxc3 22. Qxc3 Nd5 23. Qg3 e3 24. fxe3 Nc3 25. Bd3 e4 26. Qxg6 exd3 0-1

[Event "78th GEO-ch Women 1st League 2021"]
[Site "Tbilisi"]
[Date "2021.03.26"]
[Round "9.10"]
[White "Sordia, Marta"]
[Black "Mamardashvili, Ana"]
[Result "1-0"]
[ECO "C50"]
[WhiteElo "1226"]
[BlackElo "1416"]
[Annotator "NA"]
[PlyCount "99"]
[EventDate "2021.03.18"]
[EventType "swiss"]
[EventCountry "GEO"]
[SourceTitle "playchess.com"]
[Source "ChessBase"]
[SourceQuality "1"]
[TimeControl "5400+30"]

1. e4 e5 2. Nf3 Nc6 3. Bc4 Nf6 4. d4 exd4 5. O-O d6 6. Nxd4 Be7 7. Nc3 O-O 8. Kh1 Nxe4 9. Nxe4 d5 10. Nxc6 bxc6 11. Bd3 dxe4 12. Bxe4 Ba6 13. Re1 Qe8 14. Qf3 Bb7 15. Bxh7+ Kxh7 16. Qe4+ Kg8 17. Qxe7 Qxe7 18. Rxe7 Rfe8 19. Rxe8+ Rxe8 20. Be3 a5 21. Rd1 f5 22. g3 c5+ 23. Kg1 Bf3 24. Rd7 c4 25. Kf1 Rb8 26. Bd4 c5 27. Bxg7 a4 28. Be5 a3 29. Rg7+ Kf8 30. Bd6+ Kxg7 31. Bxb8 axb2 32. Be5+ Kg6 33. Bxb2 c3 34. Bxc3 Bd1 35. a4 Bxc2 36. a5 Bd3+ 37. Ke1 Kg5 38. Kd2 Ba6 39. Ke3 Kg4 40. h4 f4+ 41. gxf4 Kxh4 42. Ke4 Bb7+ 43. Ke5 Kg4 44. f5 Kg5 45. f6 Kg6 46. Ke6 Ba6 47. Ke7 Bc4 48. a6 Bd5 49. a7 c4 50. f7 1-0

[Event "78th GEO-ch Women 1st League 2021"]
[Site "Tbilisi"]
[Date "2021.03.26"]
[Round "9.11"]
[White "Bedoshvili, Dea"]
[Black "Mkrtchyan, Aida"]
[Result "1-0"]
[ECO "D02"]
[WhiteElo "1667"]
[BlackElo "1156"]
[Annotator "NA"]
[PlyCount "55"]
[EventDate "2021.03.18"]
[EventType "swiss"]
[EventCountry "GEO"]
[SourceTitle "playchess.com"]
[Source "ChessBase"]
[SourceQuality "1"]
[TimeControl "5400+30"]

1. d4 e6 2. Nf3 d5 3. g3 c5 4. Bg2 Nc6 5. O-O Qb6 6. c3 Nge7 7. dxc5 Qxc5 8. b3 b5 9. Ba3 b4 10. cxb4 Nxb4 11. Qd2 a5 12. Rc1 Qb6 13. Nc3 Nf5 14. Na4 Qb5 15. g4 Nd6 16. Nd4 Qb8 17. Qe3 Be7 18. Bxb4 axb4 19. Bxd5 exd5 20. Nc6 Qb7 21. Nb6 Be6 22. Nxa8 Qxa8 23. Qe5 Ne4 24. Nxe7 Kxe7 25. Rc7+ Kf8 26. f3 Nc3 27. Qd6+ Kg8 28. Rb7 1-0